| TOP OF THE 1ST |
|
Danville Veterans batting - Pitching for Wisconsin Rapids Timber Rattlers : RHP Roger McDowell
|
|
Pitching: RHP Roger McDowell
|
|
|
Batting: RHB Billy Hatcher
|
0-0: Fly out, F8 (Line Drive, 8RXD, EV 109.4 MPH)
|
|
Batting: LHB Adrian Zepeda
|
0-0: Ball 1-0: SINGLE (Line Drive, 4D, EV 103.8 MPH)
|
|
Batting: RHB Henry Janssen
|
0-0: Foul Ball, location: 2F 0-1: Called Strike 0-2: Ball 1-2: Foul Ball, location: 2F 1-2: Foul Ball, location: 2F 1-2: Foul Ball, location: 2F 1-2: Fielders Choice at 2nd, 6-4 (Groundball, 56, EV 86.9 MPH)
|
|
Batting: LHB Mark Salas
|
0-0: Ball 1-0: Ground out 5-3 (Groundball, 56S, EV 69.4 MPH)
|
| Top of the 1st over - 0 runs, 1 hit, 0 errors, 1 left on base; Danville 0 - Wisconsin Rapids 0 |
| BOTTOM OF THE 1ST |
|
Wisconsin Rapids Timber Rattlers batting - Pitching for Danville Veterans : RHP Vincent Pone
|
|
Pitching: RHP Vincent Pone
|
|
|
Batting: RHB Tim Pyznarski
|
0-0: Ball 1-0: Fly out, F4 (Popup, 4MD, EV 62.5 MPH)
|
|
Batting: RHB Jim Presley
|
0-0: Fly out, F4 (Popup, 4, EV 76.3 MPH)
|
|
Batting: LHB Dion James
|
0-0: Ball 1-0: SINGLE (Groundball, 56D, EV 98.8 MPH)
|
|
Batting: LHB Greg Smith
|
0-0: Ball Dion James is caught stealing 2nd base 2-6
|
| Bottom of the 1st over - 0 runs, 1 hit, 0 errors, 0 left on base; Danville 0 - Wisconsin Rapids 0 |
| TOP OF THE 2ND |
|
Danville Veterans batting - Pitching for Wisconsin Rapids Timber Rattlers : RHP Roger McDowell
|
|
Batting: RHB Robert Gauci
|
0-0: Foul Ball, location: 2F 0-1: Ground out 1-3 (Groundball, P, EV 63.1 MPH)
|
|
Batting: RHB Ed Saavedra
|
0-0: Ball 1-0: Swinging Strike 1-1: Ball 2-1: Ball 3-1: Base on Balls
|
|
Batting: RHB Jeff Moronko
|
0-0: Ball 1-0: DOUBLE (Groundball, 3L, EV 105.0 MPH) Ed Saavedra to third
|
|
Batting: RHB Gordon Gauntlett
|
0-0: Ball 1-0: Foul Ball, location: 2F 1-1: Ground out 5-3 (Groundball, 5, EV 108.1 MPH)
|
|
Batting: RHB Tom Hayes
|
0-0: Swinging Strike 0-1: Ball 1-1: Ball 2-1: SINGLE (Line Drive, 9S, EV 98.1 MPH) Ed Saavedra scores Jeff Moronko to third Runner from 3rd tries for Home, SAFE, throw by RF to home
|
|
Batting: RHB Billy Hatcher
|
0-0: Ball 1-0: Ball Wild Pitch! Tom Hayes to second 2-0: Called Strike 2-1: Ball 3-1: Ground out 4-3 (Groundball, 4, EV 78.8 MPH)
|
| Top of the 2nd over - 2 runs, 2 hits, 0 errors, 1 left on base; Danville 2 - Wisconsin Rapids 0 |
| BOTTOM OF THE 2ND |
|
Wisconsin Rapids Timber Rattlers batting - Pitching for Danville Veterans : RHP Vincent Pone
|
|
Batting: LHB Greg Smith
|
0-0: Called Strike 0-1: Swinging Strike 0-2: Ball 1-2: Ball 2-2: Ground out 6-3 (Groundball, 6, EV 83.8 MPH)
|
|
Batting: LHB Matt Hall
|
0-0: Ball 1-0: DOUBLE (Line Drive, 89XD, EV 103.8 MPH)
|
|
Batting: RHB Darryl Motley
|
0-0: Ball 1-0: Ball 2-0: Called Strike 2-1: Ground out 4-3 (Groundball, 4, EV 103.1 MPH) Matt Hall to third
|
|
Batting: LHB Jimmy Hickman
|
0-0: Hit by Pitch
|
|
Batting: RHB Al Pedrique
|
0-0: Fielders Choice at 2nd, 6-4 (Groundball, 6, EV 99.4 MPH)
|
| Bottom of the 2nd over - 0 runs, 1 hit, 0 errors, 2 left on base; Danville 2 - Wisconsin Rapids 0 |
| TOP OF THE 3RD |
|
Danville Veterans batting - Pitching for Wisconsin Rapids Timber Rattlers : RHP Roger McDowell
|
|
Batting: LHB Adrian Zepeda
|
0-0: Ball 1-0: Called Strike 1-1: Swinging Strike 1-2: Foul Ball, location: 2F 1-2: Foul Ball, location: 2F 1-2: Fly out, F6 (Flyball, 4MD, EV 96.3 MPH)
|
|
Batting: RHB Henry Janssen
|
0-0: Ball 1-0: Ball 2-0: Ball 3-0: Base on Balls
|
|
Batting: LHB Mark Salas
|
0-0: Called Strike 0-1: Ball 1-1: Ball 2-1: Ball 3-1: Called Strike 3-2: Base on Balls Henry Janssen to second
|
|
Batting: RHB Robert Gauci
|
0-0: Ball Henry Janssen steals 3rd base Mark Salas to second 1-0: Called Strike 1-1: Ball 2-1: Swinging Strike 2-2: Ball 3-2: Fly out, F9 (Line Drive, 9D, EV 91.3 MPH) Runner from 3rd tags up, SCORES, no throw by RF Mark Salas to third
|
|
Batting: RHB Ed Saavedra
|
0-0: Called Strike 0-1: Foul Ball, location: 2F 0-2: Fly out, F4 (Popup, 3DF, EV 46.9 MPH)
|
| Top of the 3rd over - 1 run, 0 hits, 0 errors, 1 left on base; Danville 3 - Wisconsin Rapids 0 |
| BOTTOM OF THE 3RD |
|
Wisconsin Rapids Timber Rattlers batting - Pitching for Danville Veterans : RHP Vincent Pone
|
|
Batting: RHB David Peterson
|
0-0: Ball 1-0: Ball 2-0: Called Strike 2-1: Called Strike 2-2: Ball 3-2: Fly out, F8 (Flyball, 8RM, EV 87.5 MPH)
|
|
Batting: RHB Tim Pyznarski
|
0-0: Swinging Strike 0-1: Ball 1-1: Ball 2-1: Fly out, F3 (Popup, 3SF, EV 61.9 MPH)
|
|
Batting: RHB Jim Presley
|
0-0: Ball 1-0: Called Strike 1-1: Reached on error, E9 (Flyball, 9D, EV 103.1 MPH)
|
|
Batting: LHB Dion James
|
0-0: Fly out, F3 (Line Drive, 3, EV 70.0 MPH)
|
| Bottom of the 3rd over - 0 runs, 0 hits, 1 error, 1 left on base; Danville 3 - Wisconsin Rapids 0 |
| TOP OF THE 4TH |
|
Danville Veterans batting - Pitching for Wisconsin Rapids Timber Rattlers : RHP Roger McDowell
|
|
Batting: RHB Jeff Moronko
|
0-0: Foul Ball, location: 2F 0-1: Ground out 6-3 (Groundball, 6, EV 86.3 MPH)
|
|
Batting: RHB Gordon Gauntlett
|
0-0: Ball 1-0: Ball 2-0: Called Strike 2-1: SOLO HOME RUN (Flyball, 7D, EV 103.1 MPH), Distance : 359 ft
|
|
Batting: RHB Tom Hayes
|
0-0: Foul Ball, location: 2F 0-1: SINGLE (Groundball, 6MD, EV 110.6 MPH)
|
|
Batting: RHB Billy Hatcher
|
0-0: Called Strike 0-1: Ball 1-1: Foul Ball, location: 2F 1-2: Ball 2-2: Ball 3-2: Foul Ball, location: 2F 3-2: Fielders Choice at 2nd, 6-4 (Groundball, 6, EV 86.9 MPH)
|
|
Batting: LHB Adrian Zepeda
|
0-0: Foul Ball, location: 2F 0-1: Foul Ball, location: 2F 0-2: Ball 1-2: Ground out 4-3 (Groundball, 4, EV 88.8 MPH)
|
| Top of the 4th over - 1 run, 2 hits, 0 errors, 1 left on base; Danville 4 - Wisconsin Rapids 0 |
| BOTTOM OF THE 4TH |
|
Wisconsin Rapids Timber Rattlers batting - Pitching for Danville Veterans : RHP Vincent Pone
|
|
Batting: LHB Greg Smith
|
0-0: Called Strike 0-1: Swinging Strike 0-2: Ball 1-2: Ground out 6-3 (Groundball, 6, EV 84.4 MPH)
|
|
Batting: LHB Matt Hall
|
0-0: Ball 1-0: Called Strike 1-1: Ball 2-1: Swinging Strike 2-2: Ball 3-2: Base on Balls
|
|
Batting: RHB Darryl Motley
|
0-0: Foul Ball, location: 2F 0-1: Ball 1-1: Ball 2-1: Ball 3-1: Base on Balls Matt Hall to second
|
|
Batting: LHB Jimmy Hickman
|
0-0: Ball 1-0: Foul Ball, location: 2F 1-1: Called Strike 1-2: Ball 2-2: Ball 3-2: Foul Ball, location: 2F 3-2: Reached on error, E5 (Groundball, 5, EV 104.4 MPH) Matt Hall to third Darryl Motley to second
|
|
Batting: RHB Al Pedrique
|
0-0: Called Strike 0-1: Fly out, F8 (Line Drive, 8RD, EV 105.6 MPH) Runner from 3rd tags up, SCORES, no throw by CF
|
|
Pitching: RHP John Violette
|
|
|
Batting: RHB David Peterson
|
0-0: Ball 1-0: Ball 2-0: Foul Ball, location: 2F 2-1: Ball 3-1: Base on Balls Darryl Motley to third Jimmy Hickman to second
|
|
Batting: RHB Tim Pyznarski
|
0-0: Ball 1-0: Ball 2-0: Ball 3-0: Base on Balls Darryl Motley scores Jimmy Hickman to third David Peterson to second
|
|
Batting: RHB Jim Presley
|
0-0: Swinging Strike 0-1: Called Strike 0-2: Ball 1-2: Ball 2-2: SINGLE (Flyball, 6D, EV 91.9 MPH) Jimmy Hickman scores David Peterson to third Tim Pyznarski to second Runner from 3rd tries for Home, SAFE, throw by LF to home
|
|
Batting: LHB Dion James
|
0-0: Ball 1-0: Ball 2-0: Foul Ball, location: 2F 2-1: Ball 3-1: Called Strike 3-2: Ground out U3 (Groundball, 34, EV 99.4 MPH)
|
| Bottom of the 4th over - 4 runs, 1 hit, 1 error, 2 left on base; Danville 4 - Wisconsin Rapids 4 |
| TOP OF THE 5TH |
|
Danville Veterans batting - Pitching for Wisconsin Rapids Timber Rattlers : RHP Roger McDowell
|
|
Batting: RHB Henry Janssen
|
0-0: Ball 1-0: Called Strike 1-1: Swinging Strike 1-2: Strikes out swinging
|
|
Batting: LHB Mark Salas
|
0-0: Ball 1-0: Called Strike 1-1: Ball 2-1: Foul Ball, location: 2F 2-2: Ball 3-2: Fly out, F7 (Flyball, 7LM, EV 93.8 MPH)
|
|
Batting: RHB Robert Gauci
|
0-0: Ball 1-0: Ball 2-0: Foul Ball, location: 2F 2-1: Ball 3-1: Called Strike 3-2: Foul Ball, location: 2F 3-2: Strikes out swinging
|
| Top of the 5th over - 0 runs, 0 hits, 0 errors, 0 left on base; Danville 4 - Wisconsin Rapids 4 |
| BOTTOM OF THE 5TH |
|
Wisconsin Rapids Timber Rattlers batting - Pitching for Danville Veterans : RHP John Violette
|
|
Batting: LHB Greg Smith
|
0-0: Foul Ball, location: 2F 0-1: Ball 1-1: Foul Ball, location: 2F 1-2: Ball 2-2: Foul Ball, location: 2F 2-2: Foul Ball, location: 2F 2-2: Foul Ball, location: 2F 2-2: Ball 3-2: Foul Ball, location: 2F 3-2: SINGLE (Line Drive, 56D, EV 97.5 MPH)
|
|
Batting: LHB Matt Hall
|
0-0: Called Strike Pickoff Throw to First - Error! E1 Greg Smith to second 0-1: SINGLE (Line Drive, 78M, EV 105.0 MPH) Greg Smith to third Throwing error, E7 Greg Smith scores Matt Hall to second
|
|
Batting: RHB Darryl Motley
|
0-0: Ball 1-0: Foul Ball, location: 2F 1-1: Foul Ball, location: 2F 1-2: Ball 2-2: SINGLE (Line Drive, 89M, EV 105.0 MPH) Matt Hall to third
|
|
Batting: LHB Jimmy Hickman
|
0-0: Called Strike 0-1: Swinging Strike 0-2: Ball 1-2: Foul Ball, location: 2F 1-2: SINGLE (Groundball, 34D, EV 98.8 MPH) Matt Hall scores Darryl Motley to second Runner from 2nd tries for 3rd, SAFE, throw by RF made to third
|
|
Batting: RHB Al Pedrique
|
0-0: Ball 1-0: Fly out, F8 (Flyball, 89D, EV 95.6 MPH) Runner from 3rd tags up, SCORES, throw by CF
|
|
Batting: RHB David Peterson
|
0-0: Called Strike 0-1: Swinging Strike 0-2: Ball 1-2: SINGLE (Line Drive, 9S, EV 99.4 MPH) Jimmy Hickman to second
|
|
Batting: RHB Tim Pyznarski
|
0-0: Foul Ball, location: 2F 0-1: Fly out, F4 (Popup, 4D, EV 50.6 MPH)
|
|
Batting: RHB Jim Presley
|
0-0: Ball 1-0: Foul Ball, location: 2F 1-1: Called Strike 1-2: Foul Ball, location: 2F 1-2: Ground out 2-3 (Groundball, 2R, EV 63.1 MPH)
|
| Bottom of the 5th over - 3 runs, 5 hits, 2 errors, 2 left on base; Danville 4 - Wisconsin Rapids 7 |
| TOP OF THE 6TH |
|
Danville Veterans batting - Pitching for Wisconsin Rapids Timber Rattlers : RHP Roger McDowell
|
|
Batting: RHB Ed Saavedra
|
0-0: Ball 1-0: Foul Ball, location: 2F 1-1: Called Strike 1-2: Ball 2-2: Fly out, F8 (Flyball, 8LD, EV 81.9 MPH)
|
|
Batting: RHB Jeff Moronko
|
0-0: Called Strike 0-1: Ball 1-1: Fly out, F9 (Line Drive, 9, EV 91.9 MPH)
|
|
Batting: RHB Gordon Gauntlett
|
0-0: Called Strike 0-1: Called Strike 0-2: Ball 1-2: Ball 2-2: Ground out 6-3 (Groundball, 6, EV 78.8 MPH)
|
| Top of the 6th over - 0 runs, 0 hits, 0 errors, 0 left on base; Danville 4 - Wisconsin Rapids 7 |
| BOTTOM OF THE 6TH |
|
Wisconsin Rapids Timber Rattlers batting - Pitching for Danville Veterans : RHP John Violette
|
|
Batting: LHB Dion James
|
0-0: Ball 1-0: Ball 2-0: Ball 3-0: Base on Balls
|
|
Batting: LHB Greg Smith
|
0-0: Ball Dion James is caught stealing 2nd base 2-6 1-0: Called Strike 1-1: Ball 2-1: Foul Ball, location: 2F 2-2: DOUBLE (Line Drive, 89M, EV 92.5 MPH)
|
|
Pitching: RHP Bret Mitchell
|
|
|
Batting: LHB Matt Hall
|
0-0: Called Strike 0-1: Foul Ball, location: 2F 0-2: Ball 1-2: Foul Ball, location: 2F 1-2: Ball 2-2: Foul Ball, location: 2F 2-2: DOUBLE (Line Drive, 3D, EV 105.0 MPH) Greg Smith scores
|
|
Batting: RHB Darryl Motley
|
0-0: Hit by Pitch
|
|
Batting: LHB Jimmy Hickman
|
0-0: Foul Ball, location: 2F 0-1: Ball 1-1: 3-RUN HOME RUN (Flyball, 9D, EV 96.9 MPH), Distance : 370 ft
|
|
Batting: RHB Al Pedrique
|
0-0: Fly out, F8 (Line Drive, 8RM, EV 91.3 MPH)
|
|
Batting: RHB David Peterson
|
0-0: Ball 1-0: Ball 2-0: Foul Ball, location: 2F 2-1: Ball 3-1: Called Strike 3-2: Base on Balls
|
|
Batting: RHB Tim Pyznarski
|
0-0: Swinging Strike 0-1: Foul Ball, location: 2F 0-2: Ground out 5-3 (Groundball, 56, EV 96.9 MPH)
|
| Bottom of the 6th over - 4 runs, 3 hits, 0 errors, 1 left on base; Danville 4 - Wisconsin Rapids 11 |
| TOP OF THE 7TH |
|
Danville Veterans batting - Pitching for Wisconsin Rapids Timber Rattlers : RHP Roger McDowell
|
|
Pitching: RHP Thomas Banducci
|
|
|
Pinch Hitting: RHB Tim Duncan
|
0-0: Ball 1-0: Swinging Strike 1-1: Foul Ball, location: 2F 1-2: Strikes out swinging
|
|
Pinch Hitting: RHB Russell Burgin
|
0-0: Ball 1-0: Called Strike 1-1: Swinging Strike 1-2: Ball 2-2: Ball 3-2: Foul Ball, location: 2F 3-2: Base on Balls
|
|
Pinch Hitting: RHB Robert Triplett
|
0-0: Ball 1-0: Swinging Strike 1-1: Ball 2-1: Foul Ball, location: 2F 2-2: Ball 3-2: Foul Ball, location: 2F 3-2: Foul Ball, location: 2F 3-2: Fielders Choice at 2nd, 5-4 (Groundball, 56, EV 111.3 MPH)
|
|
Pinch Hitting: LHB Rick DeLoach
|
0-0: Called Strike 0-1: Ground out 4-3 (Groundball, 4, EV 100.0 MPH)
|
| Top of the 7th over - 0 runs, 0 hits, 0 errors, 1 left on base; Danville 4 - Wisconsin Rapids 11 |
| BOTTOM OF THE 7TH |
|
Wisconsin Rapids Timber Rattlers batting - Pitching for Danville Veterans : RHP Bret Mitchell
|
|
Now at 3B: Rick DeLoach
|
|
|
Now at SS: Tim Duncan
|
|
|
Now in LF: Russell Burgin
|
|
|
Now in RF: Geoffrey Nash
|
|
|
Batting: RHB Jim Presley
|
0-0: Ball 1-0: SOLO HOME RUN (Line Drive, 7D, EV 107.5 MPH), Distance : 367 ft
|
|
Batting: LHB Dion James
|
0-0: Ball 1-0: Called Strike 1-1: Ball 2-1: Ball 3-1: Foul Ball, location: 2F 3-2: SINGLE (Groundball, 34D, EV 101.3 MPH)
|
|
Pinch Hitting: RHB Richard Lane
|
0-0: Reached on error, E5 (Groundball, 15, EV 89.4 MPH) Dion James to second
|
|
Batting: LHB Matt Hall
|
0-0: Fielders Choice at 2nd, 3-6 (Groundball, 3, EV 80.0 MPH) Dion James to third
|
|
Batting: RHB Darryl Motley
|
0-0: Swinging Strike 0-1: Fly out, F8 (Line Drive, 8RM, EV 85.0 MPH) Runner from 3rd tags up, SCORES, no throw by CF
|
|
Batting: LHB Jimmy Hickman
|
0-0: Called Strike Balk! Matt Hall to second 0-1: Called Strike 0-2: Ball 1-2: Ground out 4-3 (Groundball, 4S, EV 68.8 MPH)
|
| Bottom of the 7th over - 2 runs, 2 hits, 1 error, 1 left on base; Danville 4 - Wisconsin Rapids 13 |
| TOP OF THE 8TH |
|
Danville Veterans batting - Pitching for Wisconsin Rapids Timber Rattlers : RHP Thomas Banducci
|
|
Now at 1B: Barbaro Garbey
|
|
|
Batting: LHB Mark Salas
|
0-0: Foul Ball, location: 2F 0-1: Ground out 3-1 (Groundball, 34S, EV 85.0 MPH)
|
|
Batting: RHB Robert Gauci
|
0-0: Ball 1-0: SINGLE (Line Drive, 8LS, EV 93.1 MPH)
|
|
Pitching: RHP Jim Winn
|
|
|
Batting: RHB Ed Saavedra
|
0-0: Ball 1-0: Fly out, F8 (Flyball, 8RD, EV 92.5 MPH)
|
|
Pinch Hitting: RHB Roosevelt Lett
|
0-0: Ball 1-0: Ball 2-0: Called Strike 2-1: Called Strike 2-2: Fly out, F9 (Flyball, 9, EV 93.8 MPH)
|
| Top of the 8th over - 0 runs, 1 hit, 0 errors, 1 left on base; Danville 4 - Wisconsin Rapids 13 |
| BOTTOM OF THE 8TH |
|
Wisconsin Rapids Timber Rattlers batting - Pitching for Danville Veterans : RHP Bret Mitchell
|
|
Now at 2B: Roosevelt Lett
|
|
|
Batting: RHB Al Pedrique
|
0-0: SINGLE (Line Drive, 89S, EV 93.8 MPH)
|
|
Batting: RHB David Peterson
|
0-0: Ball 1-0: SINGLE (Groundball, 4MD, EV 96.3 MPH) Al Pedrique to second
|
|
Batting: RHB Tim Pyznarski
|
0-0: Ball 1-0: Ball 2-0: Swinging Strike 2-1: Ball Wild Pitch! Al Pedrique to third David Peterson to second 3-1: Called Strike 3-2: Base on Balls
|
|
Batting: RHB Jim Presley
|
0-0: Ball Wild Pitch! Al Pedrique scores David Peterson to third Tim Pyznarski to second 1-0: Called Strike 1-1: Ball 2-1: Fly out, F7 (Flyball, 7D, EV 80.0 MPH) Runner from 3rd tags up, SCORES, throw by LF
|
|
Pitching: LHP Juan Perez
|
|
|
Now in LF: Joseph Soprano
|
|
|
Batting: LHB Dion James
|
0-0: Ball 1-0: Fly out, F8 (Line Drive, 8LD, EV 104.4 MPH)
|
|
Batting: RHB Barbaro Garbey
|
0-0: Ball 1-0: DOUBLE (Line Drive, 9LM, EV 103.8 MPH) Tim Pyznarski scores
|
|
Batting: LHB Matt Hall
|
0-0: Called Strike 0-1: Foul Ball, location: 2F 0-2: Foul Ball, location: 2F 0-2: Foul Ball, location: 2F 0-2: Strikes out swinging
|
| Bottom of the 8th over - 3 runs, 3 hits, 0 errors, 1 left on base; Danville 4 - Wisconsin Rapids 16 |
| TOP OF THE 9TH |
|
Danville Veterans batting - Pitching for Wisconsin Rapids Timber Rattlers : RHP Jim Winn
|
|
Pinch Hitting: RHB Ken Weislak
|
0-0: Ball 1-0: Ball 2-0: Ball 3-0: Base on Balls
|
|
Batting: RHB Tim Duncan
|
0-0: Fly out, F7 (Flyball, 7LM, EV 96.3 MPH)
|
|
Batting: RHB Joseph Soprano
|
0-0: Called Strike 0-1: Fielders Choice at 2nd, 4-6 (Groundball, 4M, EV 103.1 MPH)
|
|
Batting: LHB Geoffrey Nash
|
0-0: Ball 1-0: Fly out, F7 (Flyball, 78M, EV 82.5 MPH)
|
| Top of the 9th over - 0 runs, 0 hits, 0 errors, 1 left on base; Danville 4 - Wisconsin Rapids 16 |
|